 Dungeon Crawl Stone Soup version 0.20.1-1-g8b1a95d (webtiles) character file.

79 HuneSparrow the Skirmisher (level 4, 0/35 HPs)
             Began as a Demonspawn Fighter on July 22, 2017.
             Was an Initiate of Qazlal.
             Slain by an orc
             ... wielding a +1 flail of distortion
              (3 damage)
             ... on level 2 of the Dungeon on July 27, 2017.
             The game lasted 00:06:08 (1579 turns).

HuneSparrow the Skirmisher (Demonspawn Fighter)     Turns: 1579, Time: 00:06:08

Health: 0/35       AC: 13    Str: 17    XL:     4   Next: 17%
Magic:  4/4        EV:  3    Int:  9    God:    Qazlal [......]
Gold:   57         SH:  9    Dex: 13    Spells: 3/3 levels left

rFire    . . .     SeeInvis .   a - +0 long sword
rCold    . . .     Gourm    .   c - +0 shield
rNeg     . . .     Faith    .   l - +0 plate armour
rPois    .         Spirit   .   (no helmet)
rElec    .         Reflect  .   (no cloak)
rCorr    .         Harm     .   m - +1 pair of gloves
MR       .....                  (no boots)
Stlth    ..........             (no amulet)
Regen    0.2/turn               (no ring)
MPRegen  0.1/turn               (no ring)

@: no status effects
A: hooves 2
a: Renounce Religion


You were on level 2 of the Dungeon.
You worshipped Qazlal.
Qazlal was noncommittal.
You were not hungry.

You visited 1 branch of the dungeon, and saw 3 of its levels.

You collected 57 gold pieces.

Inventory:

Hand Weapons
 a - a +0 long sword (weapon)
Armour
 b - a +0 scale mail
 c - a +0 shield (worn)
 l - a +0 plate armour (worn)
 m - a +1 pair of gloves (worn)
Scrolls
 e - a scroll of fear {unknown}
 i - 3 scrolls of identify {unknown}
Potions
 d - a potion of might
 h - a potion of lignification {unknown}
 k - a potion of heal wounds {unknown}
Comestibles
 f - 3 bread rations
 g - 7 chunks of flesh
 j - a meat ration
 n - a royal jelly


   Skills:
 + Level 3.4 Fighting
 * Level 2.6 Long Blades
 + Level 3.2 Armour
 + Level 1.1 Dodging
 + Level 2.9 Shields


You had 3 spell levels left.
You didn't know any spells.

Dungeon Overview and Level Annotations

Branches:
Dungeon (3/15)

Altars:
Elyvilon
Gozag
Nemelex Xobeh
Qazlal


Innate Abilities, Weirdness & Mutations

You have hoof-like feet.


Message History

There is a stone staircase leading down here.
You hit the hobgoblin.
You kill the hobgoblin!
Qazlal accepts your kill. You block the orc's attack.
The orc wizard hits you but does no damage.
You hit the orc wizard. Your kick misses the orc wizard.
The orc wizard is moderately wounded.
You block the orc wizard's attack. The orc hits you but does no damage.
Space bends around you.
You hit the orc wizard. You kick the orc wizard.
The orc wizard is severely wounded.
You block the orc wizard's attack. The orc hits you but does no damage.
Space warps horribly around you!
* * * LOW HITPOINT WARNING * * *
The orc wizard hits you but does no damage.
You miss the orc wizard.
The orc wizard is severely wounded.
The orc hits you with a flail of distortion.
You die...

.>.......................#
.######..................# .##
#.#..............#.###### ..##
#.##....................## ...##
#.##.......##............##
....###.##...#..................#
..#...#.##..##..#...............#
...##.#.##.....%#o..............#
...##....#####.o@%............<.#
...#..#.##...##.##..............#
.......##..8..##.#.............##
.....###.......#.#.#..........##
.......#..._)..#.#....#########
.....###.⌠...⌠.'..###..#
.##.)..#..._...#..# ##.#
.##....#.......#..# #.#
#<.....##..8..##..# #.#


You could see an orc wizard and an orc.

Vanquished Creatures
  A worker ant (D:3)
  A dart slug (D:2)
  A leopard gecko (D:1)
  4 orcs (D:2)
  3 ball pythons
  A giant cockroach (D:1)
  7 goblins
  7 hobgoblins
  6 bats
  A frilled lizard (D:1)
  6 kobolds
  7 rats
45 creatures vanquished.

Notes
Turn   | Place    | Note
-------+----------+-------------------------------------------
     0 | D:1      | HuneSparrow the Demonspawn Fighter began the quest for the Orb.
     0 | D:1      | Reached XP level 1. HP: 18/18 MP: 1/1
   122 | D:1      | Gained mutation: You have large cloven feet. [demonic ancestry]
   122 | D:1      | Reached XP level 2. HP: 13/24 MP: 2/2
   895 | D:1      | Reached XP level 3. HP: 28/29 MP: 3/3
  1101 | D:2      | Found a sparkling altar of Nemelex Xobeh.
  1101 | D:2      | Found an opulent altar of Gozag.
  1260 | D:2      | Found a white marble altar of Elyvilon.
  1325 | D:2      | Found a stormy altar of Qazlal.
  1333 | D:2      | Became a worshipper of Qazlal Stormbringer
  1534 | D:3      | Reached skill level 1 in Dodging
  1534 | D:3      | Gained mutation: You have hoof-like feet. [demonic ancestry]
  1534 | D:3      | Reached XP level 4. HP: 35/35 MP: 4/4
  1579 | D:2      | Slain by an orc

Skill      XL: |  1  2  3 |
---------------+----------+-----
Armour         | 3 |  3.2
Long Blades    | 2 |  2.6
Dodging        | 1 |  1.1
Fighting       | |  3.4
Shields        | |  2.9

Action                   |  1- 3 |  4- 6 || total
-------------------------+-------+-------++-------
Melee: Long sword        |   113 |    15 ||   128
       Kick              |    23 |     5 ||    28
  Eat: Chunk             |     2 |       ||     2
Armor: Scale mail        |    58 |       ||    58
       Plate armour      |    12 |    24 ||    36
Dodge: Dodged            |    24 |     4 ||    28
Block: Shield            |    51 |    11 ||    62
       Rpst.: Long sword |     8 |     2 ||    10
